 Dungeon Crawl Stone Soup version 0.30-a0-137-gd8773701ce (webtiles) character file.

Game seed: 8479671595448810340

107 jimonade the Shooter (level 5, 0/38 HPs)
             Began as a Djinni Hunter on Sept 21, 2022.
             Slain by a black bear (2 damage)
             ... on level 4 of the Dungeon.
             The game lasted 00:04:27 (2325 turns).

jimonade the Shooter (Djinni Hunter)                Turns: 2325, Time: 00:04:28

Health: 0/38       AC:  2    Str: 10    XL:     5   Next: 11%
Gold:   179        EV: 12    Int: 11    God:
                   SH:  0    Dex: 18

rFire   + + +      SeeInvis .    a - +0 shortbow
rCold   x . .      Faith    .    (shield currently unavailable)
rNeg    . . .      Spirit   .    t - +0 robe
rPois   ∞          Reflect  .    (no helmet)
rElec   .          Harm     .    (no cloak)
rCorr   .          Rampage  .    (no gloves)
Will    .....                    (boots unavailable)
Stlth   ++........               (no amulet)
HPRegen 0.12/turn                s - ring of protection from fire
MPRegen 0.00/turn                (no ring)

@: flying
A: sickness immunity, fire resistance 2, cold vulnerability 1, float, innate
caster, HP casting, extra vitality 1
a: no special abilities


You were on level 4 of the Dungeon.
You visited 1 branch of the dungeon, and saw 4 of its levels.

You collected 179 gold pieces.

Inventory:

Hand Weapons
 a - a +0 shortbow (weapon)
 g - a +0 sling
Missiles
 k - 6 poisoned darts
Armour
 c - a +0 leather armour
 d - a +0 ring mail
 f - a +0 ring mail
 t - a +0 robe (worn)
Jewellery
 s - a ring of protection from fire (left hand)
Scrolls
 b - 2 scrolls of immolation
 e - a scroll of fog {unknown}
 i - a scroll of amnesia
 l - 2 scrolls of enchant weapon {unknown}
 m - 2 scrolls of identify
 n - a scroll of blinking {unknown}
 o - a scroll of silence {unknown}
 q - a scroll of fear {unknown}
 r - 2 scrolls of vulnerability {unknown}
Potions
 h - a potion of invisibility
 j - 4 potions of curing {unknown}
 p - a potion of attraction {unknown}


   Skills:
 - Level 2.0 Fighting
 + Level 4.7 Ranged Weapons
 - Level 2.1 Dodging
 - Level 0.7 Stealth
 - Level 1.1 Spellcasting


You had 3 spell levels left.
You knew the following spells:

 Your Spells              Type           Power      Damage    Failure   Level
a - Beastly Appendage     Tmut           6%         N/A       21%         1
b - Call Imp              Summ           3%         N/A       30%         2
Your spell library was empty.

Dungeon Overview and Level Annotations

Branches:
Dungeon (4/15)
 Temple: D:4-7

Altars:
Uskayaw
Zin

Shops:
D:3 *

Annotations:
D:3 2 transporters, jimonade's ghost, amateur FoFi


Innate Abilities, Weirdness & Mutations

You are immune to sickness and miasma.
You are immune to poison.
Your flesh is very heat resistant. (rF++)
You are vulnerable to cold. (rC-)
You float through the air rather than walking.
You learn spells naturally, not from books.
Your magical power is your life essence.
You have superior vitality. (+4 MHP)


Message History

There is a stone staircase leading up here.
You shoot an arrow. The arrow hits the black bear.
The black bear growls angrily.
The black bear is lightly wounded.
The black bear completely misses you. The black bear barely misses you.
The black bear claws you.
You shoot an arrow. The arrow hits the black bear.
The black bear is lightly wounded.
The black bear bites you! The black bear closely misses you.
The black bear claws you.
You shoot an arrow. The arrow hits the black bear!
The black bear is moderately wounded.
The black bear bites you. The black bear misses you.
The black bear barely misses you.
You are too injured to fight recklessly!
You are too injured to fight recklessly!
You are too injured to fight recklessly!
Fire: a) +0 shortbow
Press: ? - help, Q - select action, (/) - cycle Shift-Dir - straight line, f/p - black bear
Aim: a black bear (moderately wounded, 71% to hit)
You shoot an arrow.
The arrow hits the black bear but does no damage.
The black bear is moderately wounded.
The black bear bites you. The black bear closely misses you.
The black bear claws you.
* * * LOW HITPOINT WARNING * * *
The black bear bites you but does no damage.
The black bear claws you but does no damage.
The black bear claws you.
* * * LOW HITPOINT WARNING * * *
Fire: a) +0 shortbow
Press: ? - help, Q - select action, (/) - cycle Shift-Dir - straight line, f/p - black bear
Aim: a black bear (moderately wounded, 71% to hit)
You shoot an arrow.
The arrow hits the black bear but does no damage.
The black bear is moderately wounded.
The giant cockroach barely misses you. The black bear bites you!
* * * LOW HITPOINT WARNING * * *
The black bear claws you.
You die...

### .... #
##...##
#.##.......
#.@h......
#.##B......
.. (.!.#..
... .#.##
#$# ....# #
.# ... .#
.## .# .#


You could see a black bear and a giant cockroach.

Vanquished Creatures
  An orc wizard (D:3)
  An adder (D:3)
  3 worms
  3 dart slugs
  4 orcs (D:3)
  4 endoplasms
  A giant cockroach (D:2)
  4 goblins
  7 hobgoblins
  2 jackals (D:2)
  3 quokkas
  4 ball pythons
  4 bats
  2 frilled lizards (D:1)
  6 kobolds
  7 rats
56 creatures vanquished.

Notes
Turn   | Place    | Note
-------+----------+-------------------------------------------
     0 | D:1      | jimonade the Djinni Hunter began the quest for the Orb.
     0 | D:1      | Reached XP level 1. HP: 18/18 MP: 0/0
    72 | D:1      | Reached XP level 2. HP: 23/23 MP: 0/0
   708 | D:2      | Reached XP level 3. HP: 28/28 MP: 0/0
   708 | D:2      | Learned a level 1 spell: Beastly Appendage
   853 | D:2      | Found a glowing silver altar of Zin.
   877 | D:2      | Reached skill level 4 in Ranged Weapons
  1389 | D:3      | Found Ivinidd's General Store.
  1464 | D:3      | Reached XP level 4. HP: 33/33 MP: 0/0
  1465 | D:3      | Found a hide-covered altar of Uskayaw.
  1616 | D:3      | Found a transporter.
  1617 | D:3      | Noticed jimonade's ghost (amateur FoFi)
  1617 | D:3      | Identified the +8 dire flail of Wuitelut {vorpal, Will+
                  | rCorr}
  1617 | D:3      | Noticed an ogre
  1617 | D:3      | Noticed an ogre
  1619 | D:3      | Noticed an ogre
  1621 | D:3      | Reached skill level 1 in Spellcasting
  1924 | D:3      | Reached XP level 5. HP: 38/38 MP: 0/0
  1924 | D:3      | Learned a level 2 spell: Call Imp
  2080 | D:3      | Found a transporter.
  2320 | D:4      | Noticed a black bear
  2325 | D:4      | Slain by a black bear

Illustrated notes

Levels and vault maps discovered:
D:1:      minmay_arrival_statue_studded, layout_rooms, minmay_tetromino_i2
D:2:      layout_basic, basic_altar
D:3:      layout_loops_ring, mainiacjoe_overflow_alcove_1,
          nicolae_uskayaw_dance_hall, serial_shops, shop, gammafunk_ghost_smash,
          due_unseen_surprise
D:4:      layout_loops_ring, serial_shops, nicolae_diamond_shop,
          minmay_misc_feat_cross

Skill      XL: |  1  2  3  4 |
---------------+-------------+-----
Ranged Weapons | 4 |  4.7
Spellcasting   | 1 |  1.1
Fighting       | |  2.0
Dodging        | |  2.1
Stealth        | |  0.7

Action                   |  1- 3 |  4- 6 || total
-------------------------+-------+-------++-------
 Fire: Shortbow          |   105 |    44 ||   149
  Use: Scroll            |     3 |       ||     3
Armor: Leather armour    |     5 |     3 ||     8
       Robe              |       |     2 ||     2
Dodge: Dodged            |    18 |    15 ||    33

Table legend: (Time is in decaauts)
 A = Elapsed time spent in this place.
 B = Non-inter-level travel time spent in this place.
 C = Inter-level travel time spent in this place.
 D = Time resting spent in this place.
 E = Time spent auto-exploring this place.
 F = Levels seen in this place.
 G = Mean time per level.
                   A        B        C        D        E       F      G
               +--------+--------+--------+--------+--------+-----+--------+
         Total |   2373 |   2248 |    125 |    186 |   1687 |   4 |  593.2 |
       Dungeon |   2373 |   2248 |    125 |    186 |   1687 |   4 |  593.2 |
               +--------+--------+--------+--------+--------+-----+--------+

Top non-repeatable levels by time:
     D:3: 963 daAuts
     D:1: 719 daAuts
     D:2: 685 daAuts
     D:4: 5 daAuts
